AoeStats
← Unknown

Nomad

509206216Analyzed
2v2 RM · 7d ago on Sep 25, 2026· 44m 3s· 4 players
Game mode
Random Map
Map size
176×176
Population
200
Speed
Normal
Resources
Standard
Victory
Conquest
Starting age
Dark Age
Ending age
Imperial Age
RankedLock teamsTeams togetherTeam positionsShared explorationLock speedFull tech treeHidden civsTurbo modeCheats
Victory
Defeat
🇬🇧 Danes · United Kingdom
1196
+15
🇹🇷 Dravidians · Türkiye
1165
+17
🇵🇪 Huns · Peru
1186
-16
🇨🇴 Italians · Colombia
1173
-16
molina_229
6:54 Loom
11:59 Feudal Age
17:19 Castle Age
18:30 Medium Warships
22:48 Double-Bit Axe
24:37 Fletching
25:17 Bodkin Arrow
Unknown
13:07 Feudal Age
17:03 Castle Age
14:55 Horse Collar
17:38 Bloodlines
17:36 Scale Barding Armor
17:42 Forging
19:06 Husbandry
25:53 Loom
26:57 Fletching
34:51 Double-Bit Axe
35:08 Heavy Plow
38:18 Wheelbarrow
37:28 Town Watch
41:42 Imperial Age
40:18 Marauders
41:06 Chain Barding Armor
41:21 Iron Casting
42:40 Hand Cart
42:25 Town Patrol
41:49 Elite Tarkan
43:45 Plate Barding Armor
44:10 Blast Furnace
NYK
8:49 Loom
12:17 Feudal Age
20:23 Castle Age
20:25 Forging
20:36 Fishing Lines
22:08 Medium Warships
21:49 Gillnets
22:54 Double-Bit Axe
23:29 Gillnets
25:20 Fletching
26:38 Wheelbarrow
26:06 Bodkin Arrow
27:06 Clinker Construction
27:08 Careening
28:37 Ballistics
29:15 Horse Collar
30:39 Hand Cart
31:13 Scale Mail Armor
31:15 Squires
31:02 Gambesons
33:31 Chain Mail Armor
33:43 Arson
39:05 Iron Casting
45:08 Imperial Age
42:24 Town Watch
43:24 Town Patrol
43:16 Gold Mining
UnCLeMaRcH
5:52 Loom
14:02 Feudal Age
14:46 Double-Bit Axe
18:59 Castle Age
17:59 Stone Mining
17:59 Gold Mining
18:25 Fletching
18:36 Padded Archer Armor
19:09 Scale Mail Armor
19:37 Bodkin Arrow
20:04 Medium Warships
19:27 Pikeman
20:07 Squires
21:01 Chain Mail Armor
21:05 Gold Mining
22:28 Stone Mining
24:52 Arson
26:39 Town Watch
Connection lost

Rejoining the realm…

Still unreachable

The connection could not be restored.

Session expired

The server has moved on; the page needs a fresh start.